[Event "Titled Tuesday Blitz March 29 Late 2022"]
[White "Gracia Alvarez, Gerardo Antonio"]
[Black "Sarkar, Justin"]
[WhiteFideId "5109124"]
[BlackFideId "2010011"]
[WhiteElo "2139"]
[BlackElo "2038"]
[Result "1-0"]
[Round "10"]
[TimeControl "180+1"]
[Date "2022.03.30"]
[WhiteClock "0:01:01"]
[BlackClock "0:00:01"]

1. e4 c5 2. Nc3 Nc6 3. Bb5 Nd4 4. Nf3 Nxb5 5. Nxb5 d6 6. d4 Nf6 7. Nc3 cxd4 8. Qxd4 e6 9. Bg5 Be7 10. O-O-O O-O 11. e5 dxe5 12. Qxe5 Bd7 13. Rd2 h6 14. Bh4 Qe8 15. Rg1 Bc6 16. Nd4 Nd7 17. Qg3 Bxh4 18. Qxh4 Ne5 19. g4 Ng6 20. Qg3 e5 21. Nf5 Nf4 22. h4 Rd8 23. g5 h5 24. Rxd8 Qxd8 25. Qe3 Qc7 26. Re1 Rd8 27. Qxe5 Qxe5 28. Rxe5 Kf8 29. Ng3 1-0


[Site "https://www.chess.com"]

[Event "Titled Tuesday Blitz March 29 Late 2022"]
[White "Hambleton, Aman"]
[Black "Sanchez Alvares, Kelvin Antonio"]
[WhiteFideId "2606577"]
[BlackFideId "3906680"]
[WhiteElo "2552"]
[BlackElo "2193"]
[Result "1-0"]
[Round "10"]
[TimeControl "180+1"]
[Date "2022.03.29"]
[WhiteClock "0:00:03"]
[BlackClock "0:00:02"]

1. d4 d5 2. Bf4 Nf6 3. e3 c5 4. c3 Nc6 5. Nd2 Qb6 6. Qb3 c4 7. Qxb6 axb6 8. a3 b5 9. Rc1 Bf5 10. Ngf3 e6 11. Nh4 Bg6 12. Be2 Nd7 13. Nxg6 hxg6 14. O-O Nb6 15. Bd1 Kd7 16. e4 Bd6 17. e5 Be7 18. Nf3 f6 19. exf6 gxf6 20. h4 Bd6 21. Bxd6 Kxd6 22. Bc2 Rag8 23. Rfe1 e5 24. dxe5+ fxe5 25. Rcd1 Rg7 26. Re2 Re8 27. Ng5 Kc7 28. f4 e4 29. g4 Nd8 30. Kg2 Nf7 31. Kg3 Nxg5 32. fxg5 Rf8 33. Rf2 Rxf2 34. Kxf2 Rf7+ 35. Kg2 Rf4 36. Kg3 Rf3+ 37. Kg2 Rf4 38. Rh1 Rxg4+ 39. Kf2 Nd7 40. Bd1 Rf4+ 41. Kg3 Rf7 42. h5 gxh5 43. Bxh5 Rg7 44. Kf4 Kd6 45. g6 Ke6 46. Kg5 Nf8 47. Bg4+ Ke7 48. Bf5 Ne6+ 49. Bxe6 Kxe6 50. Rf1 e3 51. Rf3 d4 52. cxd4 Kd5 53. Rxe3 Kxd4 54. Rg3 Rg8 55. Kf6 b4 56. axb4 b5 57. g7 Rc8 58. Ke6 Ra8 59. Kd6 1-0


[Site "https://www.chess.com"]

[Event "Titled Tuesday Blitz March 29 Late 2022"]
[White "Harish, Neeraj"]
[Black "Rudykh, Stepan"]
[WhiteFideId "30958130"]
[BlackFideId "4180321"]
[WhiteElo "1574"]
[BlackElo "2210"]
[Result "0-1"]
[Round "10"]
[TimeControl "180+1"]
[Date "2022.03.30"]
[WhiteClock "0:00:50"]
[BlackClock "0:01:41"]

1. e4 e6 2. d4 d5 3. Nc3 Bb4 4. e5 c5 5. a3 Bxc3+ 6. bxc3 Ne7 7. h4 Qa5 8. Bd2 Qa4 9. Bd3 c4 10. Be2 Nbc6 11. f4 Bd7 12. Nf3 O-O-O 13. O-O f6 14. Qb1 Rdg8 15. Qb2 h6 16. Rfb1 b6 17. Qb5 Qxc2 18. Qa6+ Kc7 19. a4 fxe5 20. fxe5 g5 21. a5 Nxa5 22. Qxa7+ Kc8 23. Rxb6 Nec6 24. Rxa5 Nxa7 0-1


[Site "https://www.chess.com"]

[Event "Titled Tuesday Blitz March 29 Late 2022"]
[White "Hjartarson, Johann"]
[Black "Hess, Robert"]
[WhiteFideId "2300044"]
[BlackFideId "2022036"]
[WhiteElo "2450"]
[BlackElo "2557"]
[Result "1-0"]
[Round "10"]
[TimeControl "180+1"]
[Date "2022.03.29"]
[WhiteClock "0:00:16"]
[BlackClock "0:00:02"]

1. e4 g6 2. d4 Bg7 3. Nf3 a6 4. c4 d6 5. Nc3 Nd7 6. Be2 e6 7. O-O Ne7 8. Be3 h6 9. Qd2 g5 10. h3 Ng6 11. Rfe1 b6 12. Rad1 e5 13. b4 O-O 14. c5 bxc5 15. dxc5 dxc5 16. Bxc5 Re8 17. Bc4 Nf4 18. Be3 c6 19. Bxf4 exf4 20. e5 Kf8 21. Qd6+ Qe7 22. Qxc6 Rb8 23. Nd5 Qe6 24. Qd6+ Qxd6 25. exd6 Nf6 26. Rxe8+ Nxe8 27. Nc7 Rxb4 28. Bb3 Nf6 29. Re1 Bd7 30. Re7 Rb8 31. Rxf7+ Kg8 32. Rxd7+ Rxb3 33. Rd8+ Kf7 34. axb3 1-0


[Site "https://www.chess.com"]

[Event "Titled Tuesday Blitz March 29 Late 2022"]
[White "Ibarra Jerez, Jose Carlos"]
[Black "Goryachkina, Aleksandra"]
[WhiteFideId "2226332"]
[BlackFideId "4147103"]
[WhiteElo "2626"]
[BlackElo "2426"]
[Result "1-0"]
[Round "10"]
[TimeControl "180+1"]
[Date "2022.03.29"]
[WhiteClock "0:02:09"]
[BlackClock "0:01:17"]

1. Nf3 d5 2. g3 Bg4 3. Bg2 Nf6 4. O-O c6 5. h3 Bh5 6. d3 Nbd7 7. Nbd2 e5 8. e4 dxe4 9. dxe4 Be7 10. Qe1 O-O 11. Nh4 Re8 12. a4 Nc5 13. Nf5 Bg6 14. Nc4 Bxf5 15. exf5 Qd4 16. Qe2 e4 17. Rd1 1-0


[Site "https://www.chess.com"]

[Event "Titled Tuesday Blitz March 29 Late 2022"]
[White "Jarocka, Liwia"]
[Black "Petesch, Gabriel"]
[WhiteFideId "21807558"]
[BlackFideId "2032465"]
[WhiteElo "1896"]
[BlackElo "2374"]
[Result "1-0"]
[Round "10"]
[TimeControl "180+1"]
[Date "2022.03.30"]
[WhiteClock "0:00:06"]
[BlackClock "0:00:01"]

1. e4 c5 2. Nf3 e6 3. d4 cxd4 4. Nxd4 Nf6 5. Nc3 Nc6 6. Ndb5 d6 7. Bf4 e5 8. Bg5 a6 9. Na3 Be7 10. Bxf6 Bxf6 11. Nc4 Nd4 12. Ne3 O-O 13. Ncd5 Bg5 14. c3 Ne6 15. Bc4 Nc5 16. f3 b5 17. Bb3 Nxb3 18. axb3 Bxe3 19. Nxe3 Qb6 20. Nd5 Qa7 21. Qd2 Be6 22. Ke2 f5 23. exf5 Rxf5 24. Ne3 Rf6 25. b4 e4 26. Rhf1 Raf8 27. Qd4 Qf7 28. Qxe4 Bc4+ 29. Nxc4 Re6 30. Nxd6 Qg6 31. Qxe6+ Qxe6+ 32. Ne4 Qb3 33. Kf2 Qxb2+ 34. Kg1 Qe2 35. Rxa6 h6 36. Raa1 Qc4 37. Rae1 Kh7 38. Rd1 Qb3 39. Rd4 Rf7 40. Rd6 Qa2 41. Rb6 Rd7 42. Rxb5 Qe2 43. Rc5 Rd3 44. Re5 Qe3+ 45. Kh1 Kg6 46. Re6+ Kf5 47. Re8 1-0


[Site "https://www.chess.com"]

[Event "Titled Tuesday Blitz March 29 Late 2022"]
[White "Jary, Sergey"]
[Black "Martinez Alcantara, Jose Eduardo"]
[WhiteFideId "14110350"]
[BlackFideId "3805662"]
[WhiteElo "2260"]
[BlackElo "2690"]
[Result "0-1"]
[Round "10"]
[TimeControl "180+1"]
[Date "2022.03.29"]
[WhiteClock "0:00:55"]
[BlackClock "0:02:04"]

1. e4 c5 2. Nf3 d6 3. d4 cxd4 4. Nxd4 Nf6 5. f3 Nc6 6. c4 e6 7. Be3 Be7 8. Nc3 O-O 9. Qd2 d5 10. O-O-O dxe4 11. Nxc6 Qxd2+ 12. Rxd2 bxc6 13. fxe4 Ng4 14. Nd1 Nxe3 15. Nxe3 Bg5 16. Rd3 c5 17. Kc2 Bb7 18. Rb3 Rab8 19. e5 Rfd8 20. Nd1 Be4+ 21. Bd3 Rxb3 22. Bxe4 Rbb8 23. Bd3 Bf4 24. g3 Bxe5 25. b3 Bd4 26. Rf1 Rd6 27. Rf3 Rbd8 28. Ne3 f5 29. Ng2 g6 30. Nf4 e5 31. Nd5 e4 0-1


[Site "https://www.chess.com"]

[Event "Titled Tuesday Blitz March 29 Late 2022"]
[White "Jensen, Matthew R"]
[Black "Piliczewski, Bogusz"]
[WhiteFideId "2018110"]
[BlackFideId "1104144"]
[WhiteElo "2283"]
[BlackElo "1896"]
[Result "1-0"]
[Round "10"]
[TimeControl "180+1"]
[Date "2022.03.30"]
[WhiteClock "0:00:11"]
[BlackClock "0:00:01"]

1. d4 d5 2. c4 c6 3. cxd5 cxd5 4. Bg5 Nf6 5. Bxf6 gxf6 6. e3 Nc6 7. Nc3 e6 8. Bd3 f5 9. Nf3 Bd6 10. Rc1 Qf6 11. g3 a6 12. a3 Bd7 13. Ne2 Rb8 14. b4 b5 15. Qb3 h5 16. Nf4 Bxf4 17. gxf4 h4 18. Kd2 Rc8 19. Rc5 Ne7 20. Qc2 Rxc5 21. Qxc5 h3 22. Ne5 Bc8 23. Rc1 O-O 24. Rg1+ Ng6 25. Nc6 Kh7 26. Qc1 Qh4 27. Rg3 Rg8 28. Qf1 Kg7 29. Rxh3 Qg4 30. Rg3 Qh5 31. Ne7 Rh8 32. h3 Kf6 33. Nxg6 fxg6 34. Qg2 Bd7 35. Rg5 Qh6 36. Qg3 Be8 37. h4 Qxh4 38. Qg1 1-0


[Site "https://www.chess.com"]

[Event "Titled Tuesday Blitz March 29 Late 2022"]
[White "Kalavannan, Koby"]
[Black "Moral Garcia, Serafin"]
[WhiteFideId "425753"]
[BlackFideId "2201925"]
[WhiteElo "1927"]
[BlackElo "2228"]
[Result "1-0"]
[Round "10"]
[TimeControl "180+1"]
[Date "2022.03.29"]
[WhiteClock "0:01:48"]
[BlackClock "0:01:46"]

1. d4 Nf6 2. c4 g6 3. Nc3 d5 4. cxd5 Nxd5 5. Bd2 Nb6 6. e4 Bg7 7. Be3 O-O 8. Nf3 Bg4 9. Be2 Nc6 10. d5 Bxf3 11. gxf3 Ne5 12. Bd4 e6 13. f4 Ned7 14. Bxg7 Kxg7 15. Qd4+ Qf6 16. e5 Qe7 17. O-O-O exd5 18. Nxd5 Nxd5 19. Qxd5 Qc5+ 20. Qxc5 Nxc5 21. Bf3 c6 22. b4 Ne6 23. f5 gxf5 24. Rhg1+ Kh8 25. Rd7 Rab8 26. Bh5 Nd8 27. Rg5 Rc8 28. Rxf5 c5 29. b5 Kg7 30. f4 c4 31. Bxf7 Nxf7 32. e6 Kg6 33. Rfxf7 Rxf7 34. Rxf7 Rc5 35. f5+ Kg5 36. e7 1-0


[Site "https://www.chess.com"]

[Event "Titled Tuesday Blitz March 29 Late 2022"]
[White "Kamsky, Gata"]
[Black "Vasquez Schroeder, Rodrigo"]
[WhiteFideId "2000024"]
[BlackFideId "3400042"]
[WhiteElo "2645"]
[BlackElo "2561"]
[Result "1-0"]
[Round "10"]
[TimeControl "180+1"]
[Date "2022.03.29"]
[WhiteClock "0:01:28"]
[BlackClock "0:01:21"]

1. d4 d5 2. Bf4 c5 3. e3 cxd4 4. exd4 Nc6 5. c3 Bf5 6. Nd2 e6 7. Ngf3 Bd6 8. Bg3 Nge7 9. Be2 h6 10. O-O O-O 11. a4 a6 12. Bxd6 Qxd6 13. a5 Qc7 14. Qa4 f6 15. c4 dxc4 16. Bxc4 Nd5 17. Rfe1 Rad8 18. Nb3 Rfe8 19. Rac1 Bg4 20. Nfd2 Qf7 21. Nc5 Nxd4 22. Re4 b5 23. axb6 Nxb6 24. Qxa6 Nxc4 25. Qxc4 e5 26. Rxg4 Qxc4 27. Rxc4 Ne2+ 28. Kf1 Rxd2 29. Ne4 f5 30. Nxd2 1-0


[Site "https://www.chess.com"]

[Event "Titled Tuesday Blitz March 29 Late 2022"]
[White "Karttunen, Mika"]
[Black "Sapunov, Evgeny"]
[WhiteFideId "502081"]
[BlackFideId "4126661"]
[WhiteElo "2343"]
[BlackElo "2470"]
[Result "0-1"]
[Round "10"]
[TimeControl "180+1"]
[Date "2022.03.29"]
[WhiteClock "0:00:06"]
[BlackClock "0:00:34"]

1. e4 c5 2. Nf3 d6 3. d4 cxd4 4. Nxd4 Nf6 5. Nc3 Nc6 6. Bc4 e6 7. Be3 Be7 8. Qe2 O-O 9. O-O-O Qc7 10. Bb3 a6 11. g4 Nxd4 12. Rxd4 b5 13. g5 Nd7 14. f4 Nc5 15. h4 Rb8 16. a3 a5 17. Kb1 Ba6 18. Qg2 b4 19. axb4 Nxb3 20. cxb3 Rxb4 21. Rxb4 axb4 22. Na4 Bd3+ 23. Ka2 Qb7 24. Rc1 Bxe4 25. Qd2 Ra8 26. Qd4 Bd5 27. Rc4 Qb5 28. Rxb4 Qe2 29. h5 Bf8 30. h6 gxh6 31. gxh6 Bxh6 32. Bd2 Bg7 33. Qe3 Qg2 34. Ka3 h5 35. Bc3 Qf3 36. Qxf3 Bxf3 37. Bxg7 Kxg7 38. Rd4 d5 39. b4 h4 40. Rd3 Bg4 41. b5 h3 42. Rg3 f5 43. Rg1 Rb8 44. b6 Kf6 45. Rh1 e5 46. fxe5+ Kxe5 47. Kb4 f4 48. Kc5 f3 49. Kc6 f2 50. b7 Kf4 51. Kc7 Rh8 52. Nc5 Kg3 53. b8=Q Rxb8 54. Kxb8 Be2 55. b4 f1=Q 56. Rxf1 Bxf1 57. Ne6 h2 58. Nd4 h1=Q 59. Nf5+ Kf4 60. Nd6 Qh2 61. Kc7 Ke5 0-1


[Site "https://www.chess.com"]

[Event "Titled Tuesday Blitz March 29 Late 2022"]
[White "Korchmar, Vasiliy"]
[Black "Tregubov, Pavel V."]
[WhiteFideId "24131750"]
[BlackFideId "4115341"]
[WhiteElo "2370"]
[BlackElo "2341"]
[Result "1-0"]
[Round "10"]
[TimeControl "180+1"]
[Date "2022.03.29"]
[WhiteClock "0:00:33"]
[BlackClock "0:00:05"]

1. d4 Nf6 2. Bf4 d5 3. e3 c5 4. Nf3 Nc6 5. Nbd2 cxd4 6. exd4 Bf5 7. Bb5 e6 8. c4 Bd6 9. Bxd6 Qxd6 10. c5 Qc7 11. Qa4 O-O 12. Bxc6 bxc6 13. Ne5 Rfc8 14. O-O Nd7 15. Ndf3 f6 16. Nxd7 Qxd7 17. Rad1 Rcb8 18. Rd2 a5 19. a3 Rb5 20. Qd1 Rab8 21. Qe2 Be4 22. Ne1 Kf7 23. f3 Bg6 24. Nd3 Bxd3 25. Qxd3 h6 26. Rff2 Qc7 27. g3 e5 28. dxe5 Qxe5 29. Rfe2 Qc7 30. Qf5 Kg8 31. Re6 Rxc5 32. Rde2 Qd7 33. Qg6 1-0


[Site "https://www.chess.com"]

[Event "Titled Tuesday Blitz March 29 Late 2022"]
[White "Kosteniuk, Alexandra"]
[Black "Jaferian, Koosha"]
[WhiteFideId "4128125"]
[BlackFideId "12507440"]
[WhiteElo "2469"]
[BlackElo "2030"]
[Result "1-0"]
[Round "10"]
[TimeControl "180+1"]
[Date "2022.03.29"]
[WhiteClock "0:01:17"]
[BlackClock "0:00:12"]

1. e4 c6 2. Nf3 d5 3. Nc3 Bg4 4. h3 Bxf3 5. Qxf3 e6 6. g3 g6 7. d4 Bg7 8. Be3 Ne7 9. Bg2 O-O 10. O-O-O Nd7 11. h4 f5 12. exd5 Nxd5 13. Nxd5 exd5 14. h5 Nf6 15. hxg6 hxg6 16. Bh6 Ne4 17. Bxg7 Kxg7 18. Qf4 Qg5 19. Qxg5 Nxg5 20. f3 Rae8 21. Kd2 Re7 22. Rde1 Rfe8 23. Rxe7+ Rxe7 24. b4 Nf7 25. a4 Nd6 26. Bf1 Nc4+ 27. Bxc4 dxc4 28. b5 cxb5 29. axb5 f4 30. gxf4 Rf7 31. Rh4 Rf5 32. Kc3 Rxb5 33. Kxc4 Rf5 34. d5 b5+ 35. Kc5 a5 36. Kc6 a4 37. d6 a3 38. d7 Rf8 39. Kc7 Kf6 40. d8=Q+ Rxd8 41. Kxd8 b4 42. Kd7 Kf5 43. Kd6 a2 44. Rh1 Kxf4 45. Kc5 Kxf3 46. Kxb4 g5 47. Kb3 g4 48. Kxa2 g3 49. Rc1 g2 50. c4 Kf2 51. c5 g1=Q 52. Rxg1 Kxg1 53. c6 1-0


[Site "https://www.chess.com"]

[Event "Titled Tuesday Blitz March 29 Late 2022"]
[White "Le Goff, Ronan"]
[Black "Lewtak, Damian"]
[WhiteFideId "612073"]
[BlackFideId "1141724"]
[WhiteElo "2276"]
[BlackElo "2362"]
[Result "1-0"]
[Round "10"]
[TimeControl "180+1"]
[Date "2022.03.29"]
[WhiteClock "0:01:03"]
[BlackClock "0:01:25"]

1. d4 d5 2. Nf3 Nf6 3. Bf4 c5 4. e3 e6 5. Nc3 Bd6 6. Bg3 O-O 7. dxc5 Bxg3 8. hxg3 Qa5 9. Bd3 Nbd7 10. a3 Qxc5 11. g4 g6 12. g5 Nh5 13. g4 Ng7 14. e4 d4 15. Ne2 e5 16. Ng3 Ne6 17. Qe2 Nf4 18. Qf1 f6 19. Bc4+ Kg7 20. Rxh7+ Kxh7 21. Qh1+ Nh5 22. Nxh5 fxg5 23. Nxg5+ Kh6 24. Ne6 1-0


[Site "https://www.chess.com"]

[Event "Titled Tuesday Blitz March 29 Late 2022"]
[White "Lin, Dachey"]
[Black "Adewumi, Tanitoluwa"]
[WhiteFideId "2029650"]
[BlackFideId "30966396"]
[WhiteElo "2313"]
[BlackElo "2588"]
[Result "1-0"]
[Round "10"]
[TimeControl "180+1"]
[Date "2022.03.29"]
[WhiteClock "0:01:15"]
[BlackClock "0:00:04"]

1. g3 d5 2. Bg2 c6 3. Nf3 Bg4 4. Ne5 Bf5 5. d4 Nf6 6. O-O Nbd7 7. c4 e6 8. Nc3 Be7 9. Qb3 Qb6 10. Nxd7 Nxd7 11. Qxb6 axb6 12. e4 dxe4 13. Nxe4 O-O 14. Be3 Ra4 15. b3 Ra6 16. a4 Rfa8 17. Rad1 Bb4 18. Bf4 b5 19. axb5 cxb5 20. c5 Rc6 21. Nd6 Bc2 22. Rc1 Bd3 23. Nxb7 Rca6 24. Nd6 Rf8 25. Bb7 Ra7 26. Bc6 Bxf1 27. Kxf1 Nb8 28. Bxb5 f6 29. Ba4 e5 30. dxe5 fxe5 31. Bxe5 Nd7 32. Bd4 Rc7 33. Nb5 Rcc8 34. Na7 Rc7 35. c6 Nf6 36. Nb5 Rcc8 37. c7 Ne4 38. Na7 Kf7 39. Nxc8 Rxc8 40. Bd7 Nd2+ 41. Kg2 Nxb3 42. Bxc8 Nxc1 43. Be6+ 1-0


[Site "https://www.chess.com"]

[Event "Titled Tuesday Blitz March 29 Late 2022"]
[White "Manolache, Marius"]
[Black "Petrovic, Aleksa"]
[WhiteFideId "1201530"]
[BlackFideId "967629"]
[WhiteElo "2389"]
[BlackElo "2245"]
[Result "1-0"]
[Round "10"]
[TimeControl "180+1"]
[Date "2022.03.29"]
[WhiteClock "0:00:10"]
[BlackClock "0:00:02"]

1. d4 Nf6 2. Bg5 e6 3. Nd2 c5 4. e3 b6 5. Bd3 Bb7 6. Ngf3 Nc6 7. c3 Be7 8. h3 Nd5 9. Bxe7 Qxe7 10. a3 f5 11. c4 Nf6 12. O-O Nd8 13. d5 g6 14. e4 fxe4 15. Nxe4 Nxe4 16. Bxe4 d6 17. b4 O-O 18. bxc5 bxc5 19. Rb1 e5 20. Qd2 Rf4 21. Rfe1 Ba6 22. g3 Rf8 23. Rec1 Bc8 24. Kg2 Qd7 25. Rh1 Qa4 26. Qc3 Ba6 27. Rhc1 Nb7 28. Bc2 Qd7 29. Ng5 Nd8 30. Qa5 Bc8 31. Rh1 h6 32. Ne4 Kg7 33. Bd1 Nb7 34. Qb5 Qc7 35. Qc6 Rf7 36. Bg4 Bxg4 37. hxg4 Rc8 38. Qxc7 Rfxc7 39. g5 h5 40. Rb5 Rd8 41. Rhb1 Rdd7 42. a4 Kf7 43. a5 Ke7 44. a6 Nd8 45. Rb8 Nf7 46. Nf6 Rd8 47. R8b7 Rc8 48. Ne4 Nd8 49. R7b5 Kd7 50. Nf6+ Ke7 51. f4 Nf7 52. Ne4 exf4 53. gxf4 Kf8 54. Nf6 Re7 55. Rb8 Rxb8 56. Rxb8+ 1-0


[Site "https://www.chess.com"]

[Event "Titled Tuesday Blitz March 29 Late 2022"]
[White "Martin Duque, Jesus"]
[Black "Rozman, Levy"]
[WhiteFideId "2208954"]
[BlackFideId "2039877"]
[WhiteElo "2243"]
[BlackElo "2376"]
[Result "1/2-1/2"]
[Round "10"]
[TimeControl "180+1"]
[Date "2022.03.29"]
[WhiteClock "0:00:09"]
[BlackClock "0:00:04"]

1. Nf3 g6 2. e4 Bg7 3. d4 d6 4. Nc3 a6 5. Be3 Bg4 6. h3 Bxf3 7. Qxf3 Nc6 8. O-O-O e5 9. dxe5 Nxe5 10. Qe2 Ne7 11. f4 N5c6 12. Nd5 Qd7 13. g4 O-O-O 14. Bg2 Rhe8 15. Qc4 Nxd5 16. Rxd5 Ne7 17. Ra5 Nc6 18. Ra3 g5 19. fxg5 Ne5 20. Qe2 Qc6 21. Rd1 Qb5 22. Qxb5 axb5 23. Bd4 c5 24. Bxe5 Bxe5 25. Rf1 Re7 26. h4 Kc7 27. Raf3 Rdd7 28. R1f2 Kb6 29. Bf1 c4 30. Rf5 Bg3 31. Re2 Bxh4 32. Rh2 Bg3 33. Rxh7 Rxe4 34. Rhxf7 Rxf7 35. Rxf7 Bf4+ 36. Kd1 Bxg5 37. c3 Rxg4 38. Be2 Rg1+ 39. Rf1 Rg2 40. Rf7 d5 41. Bf3 Rf2 42. Ke1 Bh4 43. Kd1 Rxb2 44. Bxd5 Kc5 45. Bxb7 Rxa2 46. Rf5+ Kb6 47. Bc8 Ra3 48. Bd7 Rb3 49. Kc2 Ka5 50. Rf3 Be7 51. Bf5 Kb6 52. Re3 Bc5 53. Re6+ Kc7 54. Be4 Bd6 55. Rg6 Ra3 56. Rg7+ Kb6 57. Rg6 Kc7 58. Rg7+ Kd8 59. Bc6 Be5 60. Rd7+ Kc8 61. Bxb5 Rxc3+ 62. Kd2 Rb3 63. Rd5 Rb2+ 64. Kc1 Bc3 65. Rc5+ Kb8 66. Bxc4 Be5 67. Bd5 Rf2 68. Rb5+ Kc7 69. Be4 Bf4+ 70. Kd1 Rd2+ 71. Ke1 Rd4 72. Bf3 Bg3+ 73. Ke2 Bf4 74. Rf5 Ra4 75. Bd5 Kd6 76. Kf3 Be5 77. Be4 Ra3+ 78. Ke2 Ra2+ 79. Kd3 Ra3+ 80. Ke2 Ra4 81. Kf3 Rb4 82. Rg5 Ke6 83. Rg6+ Kf7 84. Ra6 Rb3+ 85. Kg4 Bf6 86. Kf5 Rb5+ 87. Kg4 Re5 88. Kf4 Rb5 89. Bf3 Be5+ 90. Kg4 Ke7 91. Bc6 Rb4+ 92. Kf5 Bd4 93. Bd5 Kd7 94. Rg6 Bc5 95. Ke5 Be7 96. Rg7 Rb2 97. Be6+ Kd8 98. Rg8+ Kc7 99. Rg7 Kd8 100. Kd5 Rb5+ 101. Kc6 Rc5+ 102. Kb6 Re5 103. Rg8+ Bf8 104. Rxf8+ Ke7 105. Rc8 Rxe6+ 106. Kc7 Kf6 107. Kb7 Re7+ 108. Rc7 Kf7 109. Rxe7+ Kxe7 1/2-1/2


[Site "https://www.chess.com"]

[Event "Titled Tuesday Blitz March 29 Late 2022"]
[White "Martinez Reyes, Pedro Ramon"]
[Black "Mikhailov, Viacheslav"]
[WhiteFideId "3901807"]
[BlackFideId "4187369"]
[WhiteElo "2410"]
[BlackElo "2381"]
[Result "0-1"]
[Round "10"]
[TimeControl "180+1"]
[Date "2022.03.29"]
[WhiteClock "0:00:16"]
[BlackClock "0:00:17"]

1. g4 c6 2. Bg2 d5 3. h3 g6 4. d3 Bg7 5. Nc3 Nf6 6. e4 dxe4 7. dxe4 Qxd1+ 8. Nxd1 Na6 9. Bd2 Be6 10. Ne2 O-O-O 11. Nf4 Bc4 12. Ne3 Be6 13. Nxe6 fxe6 14. O-O-O Rhf8 15. f3 Bh6 16. Rhe1 Nd7 17. h4 Bf4 18. Nf1 e5 19. Ne3 Nb6 20. b3 Rd7 21. Nf1 Rfd8 22. Be3 Nb4 23. Rxd7 Rxd7 24. a3 Na6 25. g5 Kc7 26. Bh3 Rd8 27. Bg4 c5 28. Nd2 Nb8 29. Re2 c4 30. Bxf4 exf4 31. bxc4 Nc6 32. c3 Ne5 33. c5 Na4 34. Kc2 Nxc5 35. Bh3 Ncd3 36. Bg2 b5 37. Nb3 Nc4 38. Nd4 Nde5 39. Ne6+ Kc8 40. Nxd8 Kxd8 41. Kb3 a5 42. Re1 Nd2+ 43. Kc2 Ndc4 44. Rd1+ Kc7 45. Rd5 Ne3+ 46. Kb3 Nxd5 47. exd5 Kd6 48. Bf1 Kc5 49. a4 Nxf3 50. Bxb5 Nxh4 51. c4 f3 52. Bd7 f2 53. Bh3 Nf3 54. Kc2 Nh2 55. d6 exd6 56. Kd3 f1=Q+ 57. Bxf1 Nxf1 58. Kc3 Ne3 59. Kd3 Nxc4 60. Ke4 Nb6 61. Kf4 Nxa4 62. Kg4 Nc3 63. Kh4 Nd5 64. Kg3 a4 65. Kg4 a3 66. Kh4 a2 67. Kg3 a1=Q 68. Kg4 Qd4+ 69. Kh3 Qf4 70. Kg2 Qxg5+ 71. Kh1 Qg4 72. Kh2 Ne3 73. Kh1 Qg2# 0-1


[Site "https://www.chess.com"]

[Event "Titled Tuesday Blitz March 29 Late 2022"]
[White "Melaugh, Shane"]
[Black "Golubev, Mikhail"]
[WhiteFideId "2509580"]
[BlackFideId "14100983"]
[WhiteElo "2014"]
[BlackElo "2374"]
[Result "0-1"]
[Round "10"]
[TimeControl "180+1"]
[Date "2022.03.30"]
[WhiteClock "0:00:06"]
[BlackClock "0:00:07"]

1. e4 c5 2. c4 d6 3. Nc3 Nc6 4. g3 g6 5. Bg2 Bg7 6. Nge2 e6 7. O-O Nge7 8. d3 O-O 9. a3 Nd4 10. Rb1 Nec6 11. b4 Nxe2+ 12. Nxe2 b6 13. Be3 e5 14. h3 Bd7 15. Nc3 Nd4 16. Nd5 f5 17. Bxd4 cxd4 18. f4 fxe4 19. dxe4 exf4 20. Nxf4 Rc8 21. Qd3 Be5 22. Ne2 Rxf1+ 23. Rxf1 Qc7 24. Rc1 b5 25. c5 dxc5 26. Rxc5 Qb8 27. Nxd4 Bxg3 28. Rxc8+ Bxc8 29. Qxb5 Qf4 30. Qc4+ Kg7 31. Nf3 Qe3+ 32. Kh1 Bxh3 33. Qd4+ Qxd4 34. Nxd4 Bd7 35. Bf3 Be5 36. Nc2 Bb2 37. Bd1 g5 38. Kg2 g4 39. Kg3 Be5+ 40. Kg2 h5 41. Ne3 Kf6 42. Nf5 Kg5 43. a4 h4 44. b5 h3+ 45. Kh1 Bxf5 46. exf5 Kxf5 47. a5 Bc7 48. b6 Bxb6 49. axb6 axb6 50. Kh2 Kf4 51. Be2 g3+ 52. Kxh3 Ke3 53. Bb5 Kf2 54. Bc6 b5 55. Be4 b4 56. Bd5 b3 57. Be4 b2 58. Kh4 b1=Q 59. Bxb1 g2 60. Bf5 g1=Q 61. Bg4 Qg3+ 62. Kg5 Ke3 63. Kf5 Qf4+ 64. Kg6 Qxg4+ 65. Kh6 Qg3 66. Kh7 Ke4 67. Kh8 Kf5 0-1


[Site "https://www.chess.com"]

[Event "Titled Tuesday Blitz March 29 Late 2022"]
[White "Melikhov, Evgeny V."]
[Black "Janaszak, Dawid"]
[WhiteFideId "4122046"]
[BlackFideId "1119206"]
[WhiteElo "1945"]
[BlackElo "2199"]
[Result "0-1"]
[Round "10"]
[TimeControl "180+1"]
[Date "2022.03.30"]
[WhiteClock "0:02:00"]
[BlackClock "0:01:53"]

1. d4 c5 2. d5 f5 3. e4 fxe4 4. c4 Nf6 5. Nc3 d6 6. f3 g6 7. fxe4 Bg7 8. Nf3 O-O 9. Bd3 Nbd7 10. O-O Ng4 11. Ng5 Bd4+ 12. Kh1 Rxf1+ 13. Qxf1 Nf2+ 14. Kg1 Nxd3+ 15. Kh1 Nf2+ 16. Kg1 Nxe4+ 17. Kh1 Nf2+ 18. Kg1 Ne5 19. Nb5 Nh3+ 20. Kh1 Nxg5 21. Bxg5 Bf5 22. Nxd4 cxd4 23. Rd1 d3 24. h3 Qf8 25. b3 Be4 26. Qe1 Qf5 27. Bxe7 Qxh3+ 0-1


[Site "https://www.chess.com"]

[Event "Titled Tuesday Blitz March 29 Late 2022"]
[White "Meza, Anahi"]
[Black "Kozina, Anastasia"]
[WhiteFideId "111325"]
[BlackFideId "24174017"]
[WhiteElo "1968"]
[BlackElo "1993"]
[Result "0-1"]
[Round "10"]
[TimeControl "180+1"]
[Date "2022.03.30"]
[WhiteClock "0:00:02"]
[BlackClock "0:00:14"]

1. d4 e6 2. c4 Nf6 3. Nc3 Bb4 4. Nf3 O-O 5. Bg5 Bxc3+ 6. bxc3 h6 7. Bh4 b6 8. e3 Bb7 9. Bd3 d5 10. cxd5 exd5 11. O-O Qd6 12. Ne5 Nbd7 13. f4 c5 14. Bc2 Rac8 15. Qd3 Ne4 16. Qb5 Ndf6 17. Rac1 Nxc3 18. Qb2 Ne2+ 19. Kh1 Nxc1 20. Rxc1 cxd4 21. exd4 Ne4 22. Rf1 Ba6 23. Re1 Qc7 24. Bxe4 dxe4 25. d5 Bd3 26. Nc6 Qxf4 27. Bg3 Qg5 28. Qd4 Kh7 29. Nxa7 Rc2 30. Nc6 Qd2 31. Rg1 Rc1 32. Bf2 Rxg1+ 33. Bxg1 Qxa2 34. Ne5 Bf1 35. Bf2 Qb1 36. Bg1 Qc2 37. Qf2 Qxf2 38. Bxf2 Rd8 39. Kg1 Ba6 40. Bxb6 Rxd5 41. Kf2 Rd2+ 42. Kg3 Rd5 43. Nxf7 Rf5 44. Nd6 Rf6 45. Bc5 Re6 46. Kf4 e3 47. Bxe3 Rxd6 48. g4 Rf6+ 49. Ke5 Rf8 50. Bc5 Re8+ 51. Kd6 Be2 52. h3 Re4 0-1


[Site "https://www.chess.com"]

[Event "Titled Tuesday Blitz March 29 Late 2022"]
[White "Pakleza, Zbigniew"]
[Black "Bluebaum, Matthias"]
[WhiteFideId "1119290"]
[BlackFideId "24651516"]
[WhiteElo "2467"]
[BlackElo "2550"]
[Result "0-1"]
[Round "10"]
[TimeControl "180+1"]
[Date "2022.03.29"]
[WhiteClock "0:00:12"]
[BlackClock "0:00:28"]

1. d4 Nf6 2. Nf3 d5 3. Bf4 c5 4. c3 Nc6 5. Nbd2 cxd4 6. cxd4 Bf5 7. e3 e6 8. Qb3 Qb6 9. Qxb6 axb6 10. Bb5 Nd7 11. Ke2 f6 12. Rhc1 Rc8 13. h3 g5 14. Bg3 h5 15. a3 h4 16. Bh2 g4 17. hxg4 Bxg4 18. Rc3 h3 19. gxh3 Rxh3 20. Bg3 e5 21. dxe5 fxe5 22. Kf1 e4 23. Ng1 Rh6 24. Rac1 Bg7 25. Rb3 Nc5 26. Be2 Bxe2+ 27. Nxe2 Nxb3 28. Nxb3 Rh1+ 29. Ng1 Bxb2 30. Rd1 Rd8 31. a4 Rd7 32. Kg2 Rh5 33. Ne2 Be5 34. Rb1 Rdh7 35. Nbd4 Bxg3 36. Nxg3 Rh2+ 37. Kg1 Nxd4 38. exd4 R2h6 39. Rb5 Rd7 40. Nf5 Rh5 41. Ne3 Rd6 42. Kf1 Kd7 43. Ke2 Kc6 44. Rb1 Rf6 45. Rc1+ Kd6 46. Rb1 Kc6 47. Rxb6+ Kxb6 0-1


[Site "https://www.chess.com"]